 Dungeon Crawl Stone Soup version 0.29.0-11-gd7f09526c8 (webtiles) character file.

Game seed: 62386451463631444

2867 sanka the Slasher (level 9, -14/75 HPs)
             Began as a Demigod Delver on Sept 2, 2022.
             Demolished by a two-headed ogre
             ... wielding a +0 giant club
              (23 damage)
             ... on level 8 of the Dungeon.
             The game lasted 00:14:22 (10093 turns).

sanka the Slasher (Demigod Delver)                 Turns: 10093, Time: 00:14:23

Health: -14/75     AC: 11    Str: 13    XL:     9   Next: 23%
Magic:  11/11      EV:  7    Int: 30    God:
Gold:   476        SH:  0    Dex: 15    Spells: 8/8 levels left

rFire   . . .      SeeInvis .   a - +8 trident of the Octopus King {venom, rElec rPois}
rCold   . . .      Faith    .   (no shield)
rNeg    . . .      Spirit   .   B - +2 chain mail of Skepticism {Will+}
rPois   +          Reflect  .   (no helmet)
rElec   +          Harm     .   (no cloak)
rCorr   .          Rampage  .   (no gloves)
Will    ++...                   x - +0 pair of boots
Stlth   ..........              h - amulet of magic regeneration
HPRegen 0.22/turn               M - ring of willpower
MPRegen 0.52/turn               i - +6 ring of intelligence

@: no status effects
A: high MP 1, forlorn, divine attributes
a: no special abilities


You were on level 8 of the Dungeon.
You visited 1 branch of the dungeon, and saw 8 of its levels.

You collected 476 gold pieces.


Innate Abilities, Weirdness & Mutations

You have an increased reservoir of magic. (+10% MP)
You shall have no god before yourself.
Your divine heritage dramatically boosts your attributes as you level up.


   Skills:
 + Level 5.7 Fighting
 - Level 7.1 Long Blades
 * Level 6.7 Polearms
 + Level 5.2 Dodging
 - Level 4.5 Stealth


You had 8 spell levels left.
You didn't know any spells.
Your spell library contained the following spells:

 Spells                   Type           Power      Damage    Failure   Level
 Malign Gateway           Summ/Tloc      0%         N/A       100%        7
 Summon Horrible Things   Summ           0%         N/A       100%        8

Inventory:

Hand Weapons
 a - the +8 trident of the Octopus King (weapon) {venom, rElec rPois}

   It poisons the flesh of those it strikes.
   rElec:     It insulates you from electricity.
   rPois:     It protects you from poison.
 b - a +3 dagger
 G - a +0 falchion
Missiles
 l - 6 silver javelins (quivered)
 E - 2 throwing nets {=f}
Armour
 n - the +2 robe "Dowiw" {Str+5}

   Str:       It affects your strength (+5).
 x - a +0 pair of boots (worn)
 B - the +2 chain mail of Skepticism (worn) {Will+}

   Will:      It increases your willpower.
 F - a +2 robe of fire resistance
Magical Staves
 q - a staff of poison
 A - a staff of earth
Jewellery
 h - an amulet of magic regeneration (around neck)
 i - a +6 ring of intelligence (right hand)
 v - a ring of protection from fire
 K - a ring of poison resistance
 M - a ring of willpower (left hand)
Wands
 g - a wand of digging (10)
 D - a wand of mindburst (11)
Scrolls
 c - a scroll of fog
 d - a scroll of magic mapping
 e - 2 scrolls of fear
 j - a scroll of poison {unknown}
 k - a scroll of silence {unknown}
 m - a scroll of enchant armour {unknown}
 p - 9 scrolls of identify {unknown}
 r - 5 scrolls of teleportation {unknown}
 s - 5 scrolls of noise {unknown}
 y - 3 scrolls of immolation {unknown}
 z - a scroll of blinking {unknown}
 L - a scroll of amnesia {unknown}
Potions
 f - 2 potions of haste {@q3}
 o - 4 potions of curing {@q1}
 t - 2 potions of heal wounds {unknown}
 u - a potion of invisibility {unknown}
 w - 2 potions of resistance {unknown}
 C - 2 potions of degeneration {unknown}
 H - 2 potions of flight {unknown}
 I - a potion of berserk rage {!q}
 J - a potion of ambrosia {unknown}

Dungeon Overview and Level Annotations

Branches:
Dungeon (8/15)             Temple (0/1) D:4
   Lair: D:8-11

Shops:
D:4

*
▒▒▒▒▒▒.▒▒▒▒...........
▒▒........))...........
▒.....▒.▒▒▒▒.......▒▒▒.
▒.....▒.▒ ▒..▒..▒.▒
▒.....▒.▒ ▒..▒..▒.▒
▒.....▒+▒▒▒▒..▒..▒.▒
▒(............[.....
▒........<....▒...>.
▒......p......▒.▒▒..
▒......O......▒.▒ .▒.
▒.............▒
▒.............▒
▒...............
▒............▒▒▒.
▒............▒
▒▒▒+▒▒(......▒
▒.......▒


You could see a two-headed ogre (very poisoned).


Message History

The two-headed ogre resists with some effort.
Aiming: Mindburst
Aim: a two-headed ogre, wielding two +0 giant clubs (chance to affect: 47%)
The two-headed ogre's minds are blasted!!
Aiming: Mindburst
Aim: a two-headed ogre, wielding two +0 giant clubs (moderately wounded, chance to affect: 47%)
The two-headed ogre resists with some effort.
You reach to attack!
You hit the two-headed ogre but do no damage.
The two-headed ogre is poisoned.
The two-headed ogre is moderately wounded.
You puncture the two-headed ogre!
The two-headed ogre is heavily wounded.
The two-headed ogre hits you with a +0 giant club!
The two-headed ogre hits you with a +0 giant club!
You puncture the two-headed ogre!
The two-headed ogre looks as sick as possible!
The two-headed ogre is severely wounded.
The two-headed ogre hits you with a +0 giant club!!
* * * LOW HITPOINT WARNING * * *
The two-headed ogre hits you with a +0 giant club!!
* * * LOW HITPOINT WARNING * * *
You barely miss the two-headed ogre.
The two-headed ogre is almost dead.
Unknown command.
You barely miss the two-headed ogre.
The two-headed ogre is almost dead.
The two-headed ogre hits you but does no damage.
The two-headed ogre hits you with a +0 giant club!!
You die...

Action                   |  1- 3 |  4- 6 |  7- 9 || total
-------------------------+-------+-------+-------++-------
Melee: Falchion          |   161 |   234 |       ||   395
       Punch             |     1 |     2 |     2 ||     5
       Dagger            |       |     4 |       ||     4
       Trident           |       |       |   176 ||   176
Throw: Javelin           |       |     2 |       ||     2
Evoke: Wand              |       |     6 |     4 ||    10
  Use: Potion            |       |     2 |       ||     2
 Stab: Sleeping          |    10 |     6 |       ||    16
Armor: Leather armour    |    23 |       |       ||    23
       Robe              |    27 |    34 |       ||    61
       Chain mail        |       |    70 |    86 ||   156
Dodge: Dodged            |    86 |   114 |    46 ||   246

Levels and vault maps discovered:
D:1:      nzn_arrival_water_spiral, layout_basic,
          hellmonk_ecumenical_altar_crossroads
D:2:      layout_basic
D:3:      layout_basic
D:4:      layout_basic, nzn_wu_jian_council_hall, minmay_temple_entry_glass,
          serial_shops, nicolae_shop_window_shopping
D:5:      layout_basic, grunt_temple_overflow_bloody_war,
          mainiacjoe_overflow_boulevard, serial_corexii_hall,
          corexii_hall_statues_u, chequers_hall_statues_wall_a,
          uniq_blork_the_orc
D:6:      layout_loops_ring, mainiacjoe_overflow_tiny_flanked
D:7:      wad_crossroads, layout_loops_cross, grunt_decor_resistance,
          kennysheep_flooded_box
D:8:      layout_basic

Notes
Turn   | Place    | Note
-------+----------+-------------------------------------------
     0 | D:5      | sanka the Demigod Delver began the quest for the Orb.
     0 | D:5      | Reached XP level 1. HP: 18/18 MP: 3/3
   133 | D:4      | Noticed an orc wizard
   302 | D:4      | Reached skill level 2 in Long Blades
   335 | D:4      | Reached skill level 3 in Fighting
   670 | D:3      | Reached XP level 2. HP: 26/26 MP: 4/4
  1217 | D:2      | Reached skill level 3 in Long Blades
  1231 | D:2      | Identified the +2 robe "Dowiw" {Str+5}
  1512 | D:2      | Reached XP level 3. HP: 31/31 MP: 5/5
  2683 | D:2      | Reached XP level 4. HP: 25/38 MP: 6/6
  2809 | D:2      | Reached skill level 4 in Long Blades
  4028 | D:4      | Found a staircase to the Ecumenical Temple.
  4193 | D:4      | Identified the +2 chain mail of Skepticism {Will+}
  4215 | D:4      | Reached XP level 5. HP: 13/45 MP: 7/7
  4218 | D:4      | HP: 2/45 [orc/+1 short sword of speed (4)]
  4223 | D:4      | HP: 3/45 [orc/+1 short sword of speed (2)]
  4578 | D:4      | Found Ruaseipn's Assorted Antiques.
  4721 | D:3      | Reached skill level 5 in Long Blades
  5571 | D:5      | Reached XP level 6. HP: 30/51 MP: 8/8
  5743 | D:4      | Reached skill level 6 in Long Blades
  6561 | D:5      | Noticed Blork the orc
  6582 | D:5      | Killed Blork the orc
  6583 | D:5      | Reached skill level 7 in Long Blades
  6653 | D:5      | Noticed a water moccasin
  6675 | D:5      | Reached skill level 2 in Dodging
  6675 | D:5      | Reached XP level 7. HP: 25/57 MP: 9/9
  6876 | D:5      | Found the +8 trident of the Octopus King {venom, rElec
                  | rPois}
  7270 | D:6      | Reached skill level 1 in Polearms
  7425 | D:6      | Reached skill level 2 in Polearms
  7486 | D:6      | Noticed a steam dragon
  7497 | D:6      | Killed a steam dragon
  7732 | D:6      | Reached skill level 3 in Polearms
  7732 | D:6      | Reached skill level 3 in Dodging
  7847 | D:6      | Reached skill level 4 in Fighting
  8226 | D:7      | Reached XP level 8. HP: 47/66 MP: 10/10
  8340 | D:7      | Identified the +3 quarterstaff of Senett {antimagic, *Rage
                  | rElec rF+ Str+5}
  8378 | D:7      | Reached skill level 4 in Polearms
  8509 | D:7      | Reached skill level 4 in Dodging
  8520 | D:7      | Reached skill level 5 in Polearms
  8541 | D:7      | Reached skill level 5 in Fighting
  9033 | D:7      | Reached skill level 6 in Polearms
  9113 | D:7      | Reached XP level 9. HP: 74/74 MP: 11/11
  9645 | D:8      | Reached skill level 5 in Dodging
 10081 | D:8      | Noticed a two-headed ogre
 10093 | D:8      | Demolished by a two-headed ogre

Vanquished Creatures
  A yak (D:7)
  A steam dragon (D:6)
  3 water moccasins (D:7)
  An orc warrior (D:7)
  2 black bears
  An ice beast (D:8)
  A sky beast (D:6)
  2 centaurs (D:7)
  A phantom (D:7)
  A kobold brigand (D:7)
  4 bullfrogs
  Blork the orc (D:5)
  2 necrophages
  2 gnoll sergeants
  6 killer bees (D:7)
  4 hounds
  A jelly (D:4)
  2 orc priests (D:7)
  2 orc wizards
  An iguana (D:4)
  20 gnolls
  5 adders
  2 shadow imps
  A white imp (D:6)
  An ufetubus (D:7)
  3 worms (D:3)
  5 dart slugs
  17 orcs
  5 endoplasms
  3 giant cockroaches
  11 goblins
  8 hobgoblins
  2 jackals (D:3)
  5 quokkas
  2 ball pythons (D:4)
  6 bats
  4 frilled lizards
  10 kobolds
  6 rats
155 creatures vanquished.

Vanquished Creatures (others)
  A plant (D:5)
1 creature vanquished.

Grand Total: 156 creatures vanquished
